 Dungeon Crawl Stone Soup version 0.18.1-50-g88ac8fd (webtiles) character file.

2748 grisgris the Sneak (level 9, -1/57 HPs)
             Began as a Vampire Ice Elementalist on Oct 16, 2016.
             Was a Follower of Vehumet.
             Killed from afar by an orc wizard (2 damage)
             ... with a magic dart
             ... on level 7 of the Dungeon.
             The game lasted 00:34:23 (13719 turns).

grisgris the Sneak (Vampire Ice Elementalist)      Turns: 13719, Time: 00:34:23

Health: -1/57      AC:  8    Str:  7    XL:     9   Next: 41%
Magic:  6/18       EV: 14    Int: 20    God:    Vehumet [*.....]
Gold:   258        SH:  0    Dex: 15    Spells: 4 memorised, 10 levels left

rFire  . . .     SeeInvis +     d - +2 dagger
rCold  + . .     Gourm    .     a - +2 robe
rNeg   + + .     Faith    .     (no shield)
rPois  +         Spirit   .     (no helmet)
rElec  .         Dismiss  .     f - +0 cloak
rCorr  .         Reflect  .     o - +2 pair of gloves
SustAt .         Harm     .     (no boots)
MR     .....                    (no amulet)
Stlth  ++++......               (no ring)
                                (no ring)

@: regenerating slowly, not resistant to hostile enchantments, stealthy
A: fangs 3, see invisible, unbreathing
a: Bat Form, Renounce Religion


You were on level 7 of the Dungeon.
You worshipped Vehumet.
Vehumet was aware of your devotion.
You were very thirsty.

You visited 2 branches of the dungeon, and saw 8 of its levels.

You collected 258 gold pieces.

Inventory:

Hand Weapons
 d - a +2 dagger (weapon)
Armour
 a - a +2 robe (worn)
 f - a +0 cloak (worn)
 o - a +2 pair of gloves (worn)
Wands
 i - a wand of digging (13/24)
 k - a wand of disintegration (21/24)
 m - a wand of paralysis (20/24)
 n - a wand of disintegration (13/24)
Scrolls
 c - 3 scrolls of teleportation
 e - 2 scrolls of recharging
 g - 11 scrolls of remove curse
Potions
 h - a potion of might
 j - 2 potions of resistance
Books
 b - a book of Frost

   Spells                             Type                      Level
   a - Freeze                         Ice                          1
   b - Throw Frost                    Conjuration/Ice              2
   c - Ozocubu's Armour               Charms/Ice                   3
   d - Throw Icicle                   Conjuration/Ice              4
   e - Summon Ice Beast               Ice/Summoning                4


   Skills:
 + Level 3.7 Dodging
 + Level 7.4 Stealth
 * Level 6.5 Spellcasting
 * Level 5.4 Conjurations
 + Level 3.4 Summonings
 * Level 6.0 Ice Magic


You had 10 spell levels left.
You knew the following spells:

 Your Spells              Type           Power        Failure   Level  Hunger
a - Freeze                Ice            ####         1%          1    None
b - Throw Frost           Conj/Ice       ####..       1%          2    None
c - Throw Icicle          Conj/Ice       ####....     12%         4    ###....
d - Summon Ice Beast      Ice/Summ       ####....     17%         4    ###....


Dungeon Overview and Level Annotations

Branches:
Dungeon (7/15)             Temple (1/1) D:4

Altars:
Ashenzari
Dithmenos
Elyvilon
Fedhas
Gozag
Kikubaaqudgha
Nemelex Xobeh
Okawaru
Qazlal
Ru
Sif Muna
Trog
Vehumet
Xom
Yredelemnul
Zin
The Shining One

Shops:
D:6 (


Innate Abilities, Weirdness & Mutations

You heal slowly.
You have razor-sharp teeth.
You have supernaturally acute eyesight.
You can survive without breathing.


Message History

* * * LOW HITPOINT WARNING * * *
Casting: Freeze
Confirm with . or Enter, or press ? or * to list all spells.
Aiming: Throw Icicle
Press: ? - help, Shift-Dir - straight line, f - orc wizard
Aim: an orc wizard, wielding a dagger and wearing a robe The shard of ice hits the orc wizard.
The orc wizard is severely wounded.
The orc wizard casts a spell at you. The puff of flame hits you!
* * * LOW HITPOINT WARNING * * *
Casting: Throw Icicle
Confirm with . or Enter, or press ? or * to list all spells.
Aiming: Throw Icicle
Press: ? - help, Shift-Dir - straight line, f/p - orc wizard
Aim: an orc wizard, wielding a dagger and wearing a robe (severely wounded)
The shard of ice misses the orc wizard.
The orc wizard points at you and mumbles some strange words.
The magic dart hits you!
You die...

#.#
#.......###..#..###..
..#
#........##.....##...
..#
#....................
..#
#......##.........##.
..#
##....####..._.(.####
..#
##....##.........##.
..#
###.................
..#
##....รท..##.....##...
#.#
#..)@...###..#..###..
###
##..###..##..###..##..
...# #.o.#
#......###...... ....#
#...# #....#..#..##...
.....###...#
######.....#####
..........## ####### #
.........(#
..........#
..........#


You could see an orc wizard.

Vanquished Creatures
  Pikel (D:4)
  A gargoyle (D:7)
  Purgy (D:3)
  A sky beast (D:6)
  An orc warrior (D:7)
  A slave (D:4)
  An ice beast (D:6)
  2 ogres
  2 centaurs
  Blork the orc (D:6)
  2 giant frogs
  A scorpion (D:6)
  A howler monkey (D:7)
  5 crimson imps
  A giant frog zombie (D:5)
  2 giant frog skeletons (D:7)
  4 orc priests
  4 hounds
  An iguana (D:5)
  3 orc wizards
  4 worker ants
  A hound skeleton (D:7)
  8 adders
  4 gnolls
  2 oozes
  An adder zombie (D:6)
  2 worms (D:2)
  5 dart slugs
  11 giant geckos
  32 orcs
  A ball python (D:1)
  10 bats
  2 bat skeletons (D:7)
  4 bat zombies (D:7)
  3 giant cockroaches
  11 hobgoblins
  6 jackals
  16 kobolds
  3 quokkas
  6 giant newts
  3 goblins
  A jackal skeleton (D:5)
  14 rats
186 creatures vanquished.

Vanquished Creatures (others)
  An adder (D:4)
  An orc (D:4)
  A fungus (D:7)
  3 plants (D:1)
6 creatures vanquished.

Grand Total: 192 creatures vanquished

Notes
Turn   | Place    | Note
--------------------------------------------------------------
     0 | D:1      | grisgris the Vampire Ice Elementalist began the quest for the Orb.
     0 | D:1      | Reached XP level 1. HP: 13/13 MP: 3/3
   323 | D:1      | Reached XP level 2. HP: 19/19 MP: 1/5
   329 | D:1      | Learned a level 2 spell: Throw Frost
   752 | D:1      | Reached skill level 1 in Conjurations
  1282 | D:1      | Reached XP level 3. HP: 14/24 MP: 1/6
  2445 | D:1      | Reached XP level 4. HP: 20/30 MP: 3/8
  2634 | D:1      | Learned a level 4 spell: Throw Icicle
  3073 | D:3      | Found a faded altar to an unknown god.
  3254 | D:2      | Reached XP level 5. HP: 35/35 MP: 2/9
  4882 | D:3      | Noticed Purgy
  4904 | D:3      | HP: 1/35 [Purgy (2)]
  5502 | D:3      | Reached XP level 6. HP: 27/41 MP: 6/11
  5818 | D:3      | Found a glowing golden altar of the Shining One.
  5818 | D:3      | Found a glowing silver altar of Zin.
  5819 | D:3      | Found a white marble altar of Elyvilon.
  6175 | D:3      | Killed Purgy
  7108 | D:3      | Reached skill level 4 in Stealth
  7866 | D:4      | Noticed a slave
  7888 | D:4      | Killed a slave
  7935 | D:4      | Noticed a slave
  7937 | D:4      | Noticed Pikel
  7955 | D:4      | Noticed a slave
  7966 | D:4      | Killed Pikel
  7966 | D:4      | Reached skill level 5 in Stealth
  7966 | D:4      | Reached XP level 7. HP: 36/46 MP: 4/14
  8058 | D:4      | Found a staircase to the Ecumenical Temple.
  8073 | D:4      | Reached skill level 5 in Spellcasting
  8108 | D:4      | Reached skill level 5 in Ice Magic
  8108 | D:4      | Reached XP level 8. HP: 45/52 MP: 7/15
  8258 | Temple   | Entered the Ecumenical Temple
  8345 | Temple   | Became a worshipper of Vehumet
  8365 | D:5      | Entered Level 5 of the Dungeon
  8383 | D:5      | Learned a level 4 spell: Summon Ice Beast
  8430 | D:6      | Found Kimeur's Weapon Shop.
  8822 | D:5      | Reached skill level 1 in Summonings
  8999 | D:5      | Reached skill level 6 in Stealth
 10225 | D:5      | Found an opulent altar of Gozag.
 10587 | D:5      | Reached * piety under Vehumet
 10587 | D:5      | Offered knowledge of Sandblast by Vehumet.
 10587 | D:5      | Reached skill level 5 in Conjurations
 10863 | D:6      | Found a shimmering altar of Xom.
 11118 | D:6      | Noticed Blork the orc
 11128 | D:6      | Killed Blork the orc
 11408 | D:6      | Found a shattered altar of Ashenzari.
 11410 | D:6      | Reached XP level 9. HP: 57/57 MP: 13/18
 11555 | D:6      | Found a sparkling altar of Nemelex Xobeh.
 11555 | D:6      | Found an iron altar of Okawaru.
 11555 | D:6      | Found a stormy altar of Qazlal.
 12306 | D:7      | Found an ancient bone altar of Kikubaaqudgha.
 12344 | D:7      | Noticed a gargoyle
 13027 | D:7      | Found a shadowy altar of Dithmenos.
 13040 | D:7      | Killed a gargoyle
 13040 | D:7      | Reached skill level 7 in Stealth
 13718 | D:7      | HP: 1/57 [orc wizard/puff of flame (8)]
 13719 | D:7      | Killed from afar by an orc wizard

Skill      XL: |  1  2  3  4  5  6  7  8  9 |
---------------+----------------------------+-----
Conjurations   | 1 2 3 4 5 |  5.4
Spellcasting   | 3 4 5 6 |  6.5
Ice Magic      | 4 5 6 |  6.0
Stealth        | 5 6 7 |  7.4
Summonings     | 2 3 |  3.4
Dodging        | 3 |  3.7

Action                   |  1- 3 |  4- 6 |  7- 9 || total
-------------------------+-------+-------+-------++-------
Melee: Dagger            |    53 |    55 |    98 ||   206
       Bite              |     4 |       |    10 ||    14
 Cast: Freeze            |    51 |   145 |    77 ||   273
       Throw Frost       |     3 |    21 |    10 ||    34
       Throw Icicle      |       |     6 |    51 ||    57
 Abil: End Transformatio |       |       |     4 ||     4
       Bat Form          |       |       |     4 ||     4
  Use: Potion            |     3 |     1 |     2 ||     6
       Scroll            |     8 |     5 |    12 ||    25
 Stab: Sleeping          |     7 |     8 |    11 ||    26
  Eat: Corpse            |     1 |     5 |     6 ||    12
Armor: Robe              |    17 |    51 |    64 ||   132
Dodge: Dodged            |    51 |   122 |   152 ||   325
